 Dungeon Crawl Stone Soup version 0.32-a0-886-g41c5271027 (webtiles) character file.

Game seed: 15777273208513179140

4 BMASTER576 the Apothecary (level 1, -5/15 HPs)
             Began as a Djinni Ice Elementalist on Apr 2, 2024.
             Frozen to death by an endoplasm (6 damage)
             ... on level 1 of the Dungeon.
             The game lasted 00:01:05 (71 turns).

BMASTER576 the Apothecary (Djinni Ice Elementalist)   Turns: 71, Time: 00:01:06

Health: -5/15      AC:  0    Str:  7    XL:     1   Next: 77%
Gold:   0          EV: 11    Int: 16    God:
                   SH:  0    Dex: 13

rFire   + + .        (no weapon)
rCold   x . .        (no shield)
rNeg    . . .        (no body armour)
rPois   ∞            (no helmet)
rElec   .            (no cloak)
rCorr   .            (no gloves)
SInv    .            (boots unavailable)
Will    .....        (no amulet)
Stlth   ++           (no ring)
HPRegen 0.22/turn    (no ring)
MPRegen 0.00/turn

%: infuse magic (-6 HP)
@: flying
A: sickness immunity, fire resistance 2, cold vulnerability 1, float, innate
caster, HP casting, extra vitality 1
a: no special abilities


You were on level 1 of the Dungeon.
You visited 1 branch of the dungeon, and saw 1 of its levels.

Inventory:

Armour
 a - a +0 robe
 d - a +0 chain mail
Potions
 b - a potion of lignification {unknown}
 c - a potion of mutation {unknown}


   Skills:
 + Level 2.4 Dodging
 + Level 1.8 Stealth
 + Level 3.5 Spellcasting
 + Level 3.5 Conjurations
 + Level 3.5 Hexes
 + Level 3.5 Summonings
 + Level 3.5 Necromancy
 + Level 3.5 Translocations
 + Level 3.5 Fire Magic
 + Level 3.5 Ice Magic
 + Level 3.5 Air Magic
 + Level 3.5 Earth Magic
 + Level 3.5 Alchemy


You knew the following spells:

 Your Spells              Type           Power      Damage    Failure   Level
a - Freeze                Ice            56%        1d7       4%          1
b - Frozen Ramparts       Ice            28%        1d5       12%         3
c - Ozocubu's Armour      Ice            14%        N/A       12%         3
d - Summon Ice Beast      Ice/Summ       14%        N/A       12%         3
Your spell library was empty.

Dungeon Overview and Level Annotations

Branches:
Dungeon (1/15)

Altars:


Innate Abilities, Weirdness & Mutations

You are immune to sickness and miasma.
You are immune to poison.
Your flesh is very heat resistant. (rF++)
You are vulnerable to cold. (rC-)
You float through the air rather than walking.
You learn spells naturally, not from books.
Your magical power is your life essence.
You have superior vitality. (+4 MHP)


Message History

The endoplasm quivers.
A goblin comes into view. It is wielding a +0 dagger.
Found 13 gold pieces.
The goblin shouts!
The hobgoblin shouts!
A bat comes into view.
A rat comes into view.
The hobgoblin closely misses you.
You hear a loud squeak.
Casting: Freeze (safe; 4% risk of failure)
Confirm with . or Enter, or press ? or * to list all spells.
Aiming: Freeze (safe; 4% risk of failure)
Press: ? - help, Shift-Dir - straight line, f - endoplasm
Aim: an endoplasm You freeze the endoplasm.
The endoplasm is heavily wounded.
The hobgoblin barely misses you. The endoplasm barely misses you.
Casting: Freeze (safe; 4% risk of failure)
Confirm with . or Enter, or press ? or * to list all spells.
Aiming: Freeze (safe; 4% risk of failure)
Press: ? - help, Shift-Dir - straight line, f - hobgoblin, p - endoplasm
Aim: a hobgoblin You freeze the hobgoblin!
You kill the hobgoblin!
The endoplasm freezes you.
You are frozen.
You feel a terrible chill!
* * * LOW HITPOINT WARNING * * *
You hit the endoplasm.
The endoplasm is severely wounded.
The endoplasm barely misses you.
You hit the endoplasm but do no damage.
The endoplasm is severely wounded.
The endoplasm misses you.
A quokka comes into view.
You hit the endoplasm but do no damage.
The endoplasm is severely wounded.
The bat hits you.
* * * LOW HITPOINT WARNING * * *
The endoplasm jiggles.
The endoplasm freezes you.
You are frozen.
You feel a terrible chill!
You die...

..... # #.## # . #.#$
.# #.#.#.# .#.#r
#.#.... .r...
#...#g###.#.#
###.#..J......#
...>..b@......##
.....##...###..######
.....................
....................
.................#
####...##...[....#
#... #......†.####
#... #...........##+#
#... #...............


You could see an endoplasm, a quokka, a goblin and a bat.

Vanquished Creatures
  A ball python (D:1)
  An endoplasm (D:1)
  A hobgoblin (D:1)
  A frilled lizard (D:1)
4 creatures vanquished.

Notes
Turn   | Place    | Note
-------+----------+-------------------------------------------
     0 | D:1      | BMASTER576 the Djinni Ice Elementalist began the quest for
                  | the Orb.
     0 | D:1      | BMASTER576 set off with the following spells memorised:
                  | Freeze, Frozen Ramparts, Ozocubu's Armour, Summon Ice
                  | Beast.
     0 | D:1      | Reached XP level 1. HP: 15/15 MP: 0/0
     2 | D:1      | Noticed an armataur
     4 | D:1      | Noticed a demonspawn
     4 | D:1      | Noticed a spriggan
     6 | D:1      | Noticed an oni
     8 | D:1      | Noticed a gargoyle
     8 | D:1      | Noticed a troll
    10 | D:1      | Noticed a demigod
    10 | D:1      | Noticed a barachi
    12 | D:1      | Noticed a vampire
    12 | D:1      | Noticed an elf
    14 | D:1      | Noticed a naga
    14 | D:1      | Noticed a dwarf
    16 | D:1      | Noticed a draconian
    16 | D:1      | Noticed a human
    18 | D:1      | Noticed a djinni
    21 | D:1      | Noticed a minotaur
    21 | D:1      | Noticed a ghoul
    23 | D:1      | Noticed an octopode
    23 | D:1      | Noticed a felid
    25 | D:1      | Noticed a vine stalker
    25 | D:1      | Noticed a formicid
    27 | D:1      | Noticed a merfolk
    27 | D:1      | Noticed a tengu
    71 | D:1      | Frozen to death by an endoplasm

Illustrated notes

Levels and vault maps discovered:
D:1:      kb_arrival_jail, layout_basic, grunt_decor_resistance,
          minmay_surrounded

Action                     || total
---------------------------++-------
  Melee: Unarmed           ||     6
   Cast: Freeze            ||     5
 Armour: Skin              ||     3
         Robe              ||     2
  Dodge: Dodged            ||     7

Table legend: (Time is in decaauts)
 A = Elapsed time spent in this place.
 B = Non-inter-level travel time spent in this place.
 C = Inter-level travel time spent in this place.
 D = Time resting spent in this place.
 E = Time spent auto-exploring this place.
 F = Levels seen in this place.
 G = Mean time per level.
                   A        B        C        D        E       F      G
               +--------+--------+--------+--------+--------+-----+--------+
         Total |     71 |     64 |      7 |      0 |      0 |   1 |   71.0 |
       Dungeon |     71 |     64 |      7 |      0 |      0 |   1 |   71.0 |
               +--------+--------+--------+--------+--------+-----+--------+

Top non-repeatable levels by time:
     D:1: 71 daAuts
